 Dungeon Crawl Stone Soup version 0.30-a0-632-g346586fe48 (webtiles) character file.

Game seed: 11483032152242489552

63 Mitcholas the Shooter (level 3, -1/21 HPs)
             Began as a Deep Elf Hunter on Jan 13, 2023.
             Slain by Sigmund the wolf (2 damage)
             ... on level 3 of the Dungeon.
             The game lasted 00:01:53 (1435 turns).

Mitcholas the Shooter (Deep Elf Hunter)             Turns: 1435, Time: 00:01:53

Health: -1/21      AC:  3    Str:  8    XL:     3   Next: 89%
Magic:  5/5        EV: 13    Int: 13    God:
Gold:   100        SH:  0    Dex: 20    Spells: 2/2 levels left

rFire   . . .      SeeInvis .    a - +0 shortbow
rCold   . . .      Faith    .    (shield currently unavailable)
rNeg    . . .      Spirit   .    c - +0 leather armour
rPois   .          Reflect  .    (no helmet)
rElec   .          Harm     .    (no cloak)
rCorr   .          Rampage  .    (no gloves)
Will    .....                    (no boots)
Stlth   ++                       (no amulet)
HPRegen 0.23/turn                (no ring)
MPRegen 0.09/turn                (no ring)

@: no status effects
A: no striking features
a: no special abilities


You were on level 3 of the Dungeon.
You visited 1 branch of the dungeon, and saw 3 of its levels.

You collected 100 gold pieces.

Inventory:

Hand Weapons
 a - a +0 shortbow (weapon)
Armour
 c - a +0 leather armour (worn)
Jewellery
 f - an amulet of guardian spirit
 m - a ring of magical power
Wands
 i - a wand of polymorph (6)
Scrolls
 b - a scroll of immolation
 d - a scroll of poison {unknown}
 k - a scroll of blinking {unknown}
 l - a scroll of teleportation {unknown}
 o - a scroll of identify {unknown}
Potions
 e - a potion of resistance {unknown}
 g - 2 potions of attraction {unknown}
 h - a potion of invisibility {unknown}
 j - a potion of brilliance {unknown}
 n - 2 potions of curing {unknown}


   Skills:
 + Level 2.1 Fighting
 * Level 6.2 Ranged Weapons
 + Level 3.1 Dodging
 + Level 2.4 Stealth


You had 2 spell levels left.
You didn't know any spells.
Your spell library was empty.

Dungeon Overview and Level Annotations

Branches:
Dungeon (3/15)

Altars:

Shops:
D:3 =

Annotations:
D:3 Sigmund


Message History

You are too injured to fight recklessly!
You are too injured to fight recklessly!
You are too injured to fight recklessly!
Fire: a) +0 shortbow
Press: ? - help, Q - select action, (/) - cycle Shift-Dir - straight line, f/p - Sigmund
Aim: Sigmund the wolf (51% to hit)
You shoot an arrow. The arrow barely misses Sigmund.
The arrow misses the adder.
Sigmund pauses to sniff the ground.
Sigmund barely misses you. Sigmund bites you but does no damage.
Fire: a) +0 shortbow
Press: ? - help, Q - select action, (/) - cycle Shift-Dir - straight line, f/p - Sigmund
Aim: Sigmund the wolf (51% to hit)
You shoot an arrow. The arrow hits Sigmund!
Sigmund is moderately wounded.
Sigmund barely misses you. Sigmund bites you.
* * * LOW HITPOINT WARNING * * *
Fire: a) +0 shortbow
Press: ? - help, Q - select action, (/) - cycle Shift-Dir - straight line, f/p - Sigmund
Aim: Sigmund the wolf (moderately wounded, 51% to hit)
You shoot an arrow. The arrow hits Sigmund.
Sigmund is heavily wounded.
Sigmund bites you but does no damage. Sigmund barely misses you. x2
Fire: a) +0 shortbow
Press: ? - help, Q - select action, (/) - cycle Shift-Dir - straight line, f/p - Sigmund
Aim: Sigmund the wolf (heavily wounded, 51% to hit)
You shoot an arrow. The arrow barely misses Sigmund.
The arrow barely misses the adder.
Sigmund bites you.
* * * LOW HITPOINT WARNING * * *
Sigmund barely misses you.
Fire: a) +0 shortbow
Press: ? - help, Q - select action, (/) - cycle Shift-Dir - straight line, f/p - Sigmund
Aim: Sigmund the wolf (heavily wounded, 51% to hit)
You shoot an arrow. The arrow misses Sigmund.
The arrow hits the adder.
You kill the adder!
Sigmund bites you.
* * * LOW HITPOINT WARNING * * *
Sigmund bites you.
You die...

#....### #.....
#########.∩..... #.....
.............# #.....
.............# #.....
)......?..#####+#########
###..S.............. #
...###...##......... #
......##h##......... #
.###. #@###'##+### # #.
#........# # # ######.###
### #....#########..
#...###..........# #..
#..........# ...
#..........# ..
#..........# .
#..........#


You could see Sigmund the wolf.

Vanquished Creatures
  2 adders (D:3)
  A worm (D:3)
  3 dart slugs
  An orc (D:3)
  3 bats
  5 endoplasms
  2 giant cockroaches
  5 goblins
  6 hobgoblins
  3 jackals (D:2)
  A quokka (D:2)
  3 ball pythons
  A frilled lizard (D:2)
  3 rats (D:3)
39 creatures vanquished.

Notes
Turn   | Place    | Note
-------+----------+-------------------------------------------
     0 | D:1      | Mitcholas the Deep Elf Hunter began the quest for the Orb.
     0 | D:1      | Reached XP level 1. HP: 12/12 MP: 3/3
   317 | D:1      | Reached XP level 2. HP: 17/17 MP: 4/4
   835 | D:2      | Reached XP level 3. HP: 21/21 MP: 5/5
   953 | D:2      | Reached skill level 6 in Ranged Weapons
  1368 | D:3      | Identified the +9 spear of Zowif {protect, Str+4 Int+5}
  1420 | D:3      | Found Cioteinu's Jewellery Boutique.
  1422 | D:3      | Noticed Sigmund
  1423 | D:3      | Sigmund changed into Sigmund the wolf
  1423 | D:3      | Noticed Sigmund
  1435 | D:3      | HP: 1/21 [Sigmund the wolf (1)]
  1435 | D:3      | Slain by Sigmund the wolf

Illustrated notes

Levels and vault maps discovered:
D:1:      roderic_chinese_lattice_arrival, layout_basic
D:2:      layout_basic
D:3:      layout_basic, serial_shops, shop,
          shapermc_ecumenical_altar_mp_vishouse, uniq_sigmund

Skill      XL: |  1  2  3 |
---------------+----------+-----
Stealth        | 2 |  2.4
Ranged Weapons | 6 |  6.2
Fighting       | 2 |  2.1
Dodging        | 3 |  3.1

Action                   || total
-------------------------++-------
 Fire: Shortbow          ||   115
Evoke: Wand              ||     1
Armor: Leather armour    ||    15
Dodge: Dodged            ||    41

Table legend: (Time is in decaauts)
 A = Elapsed time spent in this place.
 B = Non-inter-level travel time spent in this place.
 C = Inter-level travel time spent in this place.
 D = Time resting spent in this place.
 E = Time spent auto-exploring this place.
 F = Levels seen in this place.
 G = Mean time per level.
                   A        B        C        D        E       F      G
               +--------+--------+--------+--------+--------+-----+--------+
         Total |   1464 |   1427 |     37 |      0 |   1203 |   3 |  488.0 |
       Dungeon |   1464 |   1427 |     37 |      0 |   1203 |   3 |  488.0 |
               +--------+--------+--------+--------+--------+-----+--------+

Top non-repeatable levels by time:
     D:1: 649 daAuts
     D:2: 605 daAuts
     D:3: 209 daAuts
